 Dungeon Crawl Stone Soup version 0.28.0 (webtiles) character file.

Game seed: 601721608752561567

44 Descartes the Grasshopper (level 3, 0/27 HPs)
             Began as a Formicid Warper on Feb 10, 2022.
             Succumbed to an adder's poison
             ... on level 1 of the Dungeon.
             The game lasted 00:02:07 (1254 turns).

Descartes the Grasshopper (Formicid Warper)         Turns: 1254, Time: 00:02:08

Health: 0/27       AC:  3    Str: 17    XL:     3   Next: 85%
Magic:  6/6        EV: 11    Int: 12    God:
Gold:   71         SH:  0    Dex: 10    Spells: 6/6 levels left

rFire   . . .      SeeInvis +   d - +3 dagger
rCold   . . .      Faith    .   (no shield)
rNeg    . . .      Spirit   .   b - +0 leather armour
rPois   .          Reflect  .   (helmet unavailable)
rElec   .          Harm     .   (no cloak)
rCorr   .          Rampage  .   (no gloves)
Will    .....                   (no boots)
Stlth   +.........              (no amulet)
HPRegen 0.09/turn               (no ring)
MPRegen 0.10/turn               (no ring)

@: lethally poisoned (0 -> -1)
A: permanent stasis, dig shafts and tunnels, antennae 3, four strong arms
a: Dig, Shaft Self


You were on level 1 of the Dungeon.
You visited 1 branch of the dungeon, and saw 2 of its levels.

You collected 71 gold pieces.

Inventory:

Hand Weapons
 d - a +3 dagger (weapon)
Missiles
 c - 5 boomerangs of dispersal (quivered)
 f - 29 stones
 h - 6 datura-tipped darts
Armour
 b - a +0 leather armour (worn)
Scrolls
 e - a scroll of noise {unknown}
 g - a scroll of blinking {unknown}
Potions
 a - a potion of lignification {unknown}


   Skills:
 - Level 2.1 Fighting
 + Level 1.2 Short Blades
 - Level 2.1 Axes
 - Level 1.0 Throwing
 + Level 2.0 Armour
 - Level 1.7 Dodging
 - Level 2.1 Spellcasting
 + Level 3.3 Translocations


You had 6 spell levels left.
You didn't know any spells.
Your spell library contained the following spells:

 Spells                   Type           Power      Damage    Failure   Level
 Gell's Gravitas          Tloc           9%         N/A       24%         3
 Lesser Beckoning         Tloc           9%         N/A       24%         3
 Teleport Other           Tloc           9%         N/A       24%         3
 Manifold Assault         Tloc           9%         N/A       91%         5
 Blink                    Tloc           Unusable   N/A       N/A         2

Dungeon Overview and Level Annotations

Branches:
Dungeon (2/15)

Altars:


Innate Abilities, Weirdness & Mutations

You cannot be hasted, slowed, berserked, paralysed or teleported.
You can dig through walls and to a lower floor.
You have a pair of large antennae on your head. (SInv)
Your four strong arms can wield two-handed weapons with a shield.


Message History

You are too injured to fight recklessly!
You are too injured to fight recklessly!
The adder misses you.
There is a stone staircase leading up here.
The endoplasm barely misses you. The adder bites you but does no damage.
You climb upwards.
There is a stone staircase leading down here.
The endoplasm freezes you.
You are frozen.
The adder barely misses you.
You closely miss the adder.
The adder is lightly wounded.
The adder barely misses you.
You closely miss the adder. You punch the adder.
The adder is moderately wounded.
The adder bites you.
* * * LOW HITPOINT WARNING * * *
You are lethally poisoned!
The adder poisons you!
You hit the adder.
The adder is severely wounded.
* * * LOW HITPOINT WARNING * * *
You feel sick. The adder closely misses you.
You hit the adder.
You kill the adder!
* * * LOW HITPOINT WARNING * * *
You feel sick.
Your Armour skill increases to level 2!
You hit the endoplasm.
The endoplasm is heavily wounded.
* * * LOW HITPOINT WARNING * * *
You feel sick.
The endoplasm hits you but does no damage.
You hit the endoplasm.
The endoplasm is almost dead.
* * * LOW HITPOINT WARNING * * *
You feel sick. The endoplasm barely misses you.
You hit the endoplasm.
You kill the endoplasm!
You die...

# ##.........## ###.
############8.........8# #...
...##.....##...8...8...# ###.##
##.##.....##8.........8# #...#
...##.....###.........######.###
...##.....#..................#
...##............#.###...#####
##.##.....####>#......#.#######
...##...........@...#........)###
...##..........####.#...#####...#
##.##......##### #...### ###.#
..........#########....### #.#
.#..###.###.........##...# #.#
.#.####.###.############.## #..
.#_###..#...# #..## ##.
.......##.############ ##..# ##
..........# #........# ##)#


There were no monsters in sight!

Vanquished Creatures
  An adder (D:1)
  A dart slug (D:1)
  A bat (D:1)
  5 endoplasms (D:1)
  3 giant cockroaches (D:1)
  5 goblins (D:1)
  3 hobgoblins (D:1)
  2 kobolds (D:1)
  2 quokkas (D:1)
  3 ball pythons (D:1)
  2 frilled lizards (D:1)
  2 rats (D:1)
30 creatures vanquished.

Notes
Turn   | Place    | Note
-------+----------+-------------------------------------------
     0 | D:1      | Descartes the Formicid Warper began the quest for the Orb.
     0 | D:1      | Reached XP level 1. HP: 16/16 MP: 3/3
   200 | D:1      | Reached skill level 3 in Translocations
   200 | D:1      | Reached XP level 2. HP: 18/22 MP: 5/5
   315 | D:1      | Found a faded altar of an unknown god.
   565 | D:1      | Reached XP level 3. HP: 26/27 MP: 6/6
   997 | D:1      | Reached skill level 1 in Short Blades
  1253 | D:1      | HP: 1/27 [poisoned by an adder]
  1254 | D:1      | Succumbed to an adder's poison

Illustrated notes

Levels and vault maps discovered:
D:1:      mrwooster_arrival_statue_2, layout_rooms,
          hellmonk_ecumenical_altar_lost_god
D:2:      cheibrodos_pilgrimage, layout_rooms, serial_forest,
          infiniplex_forest_join, infiniplex_forest_clump_long,
          infiniplex_forest_clump_curved, infiniplex_forest_lined_3,
          infiniplex_forest_clump_curved, infiniplex_forest_lined_3,
          kennysheep_pointless_box, minmay_pentomino_v4, uniq_terence

Skill      XL: |  1  2  3 |
---------------+----------+-----
Translocations | 3 |  3.3
Short Blades   | 1 |  1.2
Armour         | 2 |  2.0
Fighting       | |  2.1
Axes           | |  2.1
Throwing       | |  1.0
Dodging        | |  1.7
Spellcasting   | |  2.1

Action                   || total
-------------------------++-------
Melee: Hand axe          ||    19
       Dagger            ||    80
       Punch             ||     2
Armor: Leather armour    ||    24
Dodge: Dodged            ||    56
